 Dungeon Crawl Stone Soup version 0.32-a0-290-g598725c5f2 (webtiles) character file.

Game seed: 7353645355585559581

40 Aldia the Chopper (level 3, -2/25 (30) HPs)
             Began as a Mountain Dwarf Reaver on Feb 13, 2024.
             Slain by Terence
             ... wielding a +0 flail
              (6 damage)
             ... on level 2 of the Dungeon.
             The game lasted 00:02:30 (424 turns).

Aldia the Chopper (Mountain Dwarf Reaver)            Turns: 424, Time: 00:02:30

HP:   -2/25 (30)    AC:  8    Str: 16    XL:     3   Next: 30%
MP:   5/6           EV: 10    Int: 13    God:
Gold: 36            SH:  0    Dex:  8    Spells: 3/6 levels left

rFire   . . .        a - +0 hand axe
rCold   . . .        (no shield)
rNeg    . . .        e - +0 ring mail
rPois   .            (no helmet)
rElec   .            (no cloak)
rCorr   .            d - +2 pair of gloves
SInv    .            (no boots)
Will    .....        (no amulet) Stlth
                     (no ring)
HPRegen 0.24/turn    (no ring)
MPRegen 0.10/turn

%: no passive effects
@: heavily drained
A: runic magic, artefact enchanting
a: no special abilities


You were on level 2 of the Dungeon.
You visited 1 branch of the dungeon, and saw 2 of its levels.

You collected 36 gold pieces.

Inventory:

Hand Weapons
 a - a +0 hand axe (weapon)
Armour
 b - a +0 leather armour
 d - a +2 pair of gloves (worn)
 e - a +0 ring mail (worn)
Potions
 c - a potion of enlightenment {unknown}


   Skills:
 + Level 2.7 Fighting
 * Level 4.3 Axes
 - Level 1.5 Dodging
 - Level 2.0 Spellcasting
 + Level 3.0 Conjurations


You had 3 spell levels left.
You knew the following spells:

 Your Spells              Type           Power      Damage    Failure   Level
a - Kiss of Death         Conj/Necr      20%        2d7       16%         1
b - Momentum Strike       Conj/Tloc      10%        3d8       24%         2

Your spell library contained the following spells:

 Spells                   Type           Power      Damage    Failure   Level
 Hailstorm                Conj/Ice       5%         3d5       43%         3


Dungeon Overview and Level Annotations

Branches:
Dungeon (1/15)

Altars:

Annotations:
D:2 Terence


Innate Abilities, Weirdness & Mutations

Your spellcasting is much less encumbered by armour.
You can use scrolls of enchantment on lesser artefacts.


Message History

Terence is moderately wounded.
Terence barely misses you. Terence closely misses you.
You barely miss Terence.
Terence is moderately wounded.
Terence hits you with a +0 flail!
You closely miss Terence.
Terence is moderately wounded.
Terence hits you with a +0 flail.
You hit Terence but do no damage.
Terence is moderately wounded.
Terence completely misses you.
You barely miss Terence.
Terence is moderately wounded.
Terence hits you but does no damage.
You hit Terence but do no damage.
Terence is moderately wounded.
Terence hits you but does no damage.
You barely miss Terence.
Terence is moderately wounded.
Terence hits you with a +0 flail!
Cast which spell? (? or * to list)
Aiming: Kiss of Death (safe; 16% risk of failure)
Press: ? - help, Shift-Dir - straight line, f - Terence
Aim: Terence, wielding a +0 flail and wearing a +0 ring mail (moderately wounded, 100% to hit)
The fragment of death hits Terence!
Terence is drained!
Terence is severely wounded.
You feel drained. Terence closely misses you.
You closely miss Terence.
Terence is severely wounded.
Terence hits you with a +0 flail.
You hit Terence but do no damage.
Terence is severely wounded.
Terence hits you with a +0 flail.
* * * LOW HITPOINT WARNING * * *
You closely miss Terence.
Terence is severely wounded.
Terence looks scornfully at you. Terence hits you with a +0 flail.
You die...
Terence says, "Rest in peace."

.. #.####### ###
....$.. ...
#.###.####.#.#.
♣.♣#♣.#....@@g.....
.......#..###.#...
♣.♣......###.#
#..............
##....######.##
##.### #.#
#.########.#
#..........#


You could see Terence (very drained) and a goblin.

Vanquished Creatures
  An adder (D:2)
  2 dart slugs (D:1)
  2 ball pythons (D:1)
  An endoplasm (D:1)
  4 jackals (D:1)
  2 quokkas (D:1)
  2 bats (D:1)
  A kobold (D:1)
  A rat (D:1)
16 creatures vanquished.

Notes
Turn   | Place    | Note
-------+----------+-------------------------------------------
     0 | D:1      | Aldia the Mountain Dwarf Reaver began the quest for the
                  | Orb.
     0 | D:1      | Reached XP level 1. HP: 17/17 MP: 3/3
   118 | D:1      | Reached XP level 2. HP: 23/25 MP: 4/4
   161 | D:1      | Learned a level 2 spell: Momentum Strike
   210 | D:1      | Reached skill level 4 in Axes
   363 | D:1      | Reached XP level 3. HP: 27/30 MP: 6/6
   376 | D:1      | You fall into a shaft and drop 1 floor!
   406 | D:2      | Noticed Terence
   424 | D:2      | Slain by Terence

Illustrated notes

Levels and vault maps discovered:
D:1:      dpeg_arrival_castle, layout_loops_ring, serial_glass, glass_columns_a,
          glass_columns_b, patterned_corridor
D:2:      layout_loops_ring, serial_forest, infiniplex_forest_clump_tiny,
          infiniplex_forest_end_1, infiniplex_forest_diagonal,
          infiniplex_forest_lined_2, infiniplex_forest_lined_room_,
          infiniplex_forest_lined_room_2, infiniplex_forest_clump_small,
          uniq_terence

Skill      XL: |  1  2  3 |
---------------+----------+-----
Spellcasting   | 2 |  2.0
Axes           | 4 |  4.3
Conjurations   | 3 |  3.0
Fighting       | |  2.7
Dodging        | |  1.5

Action                     || total
---------------------------++-------
  Melee: Hand axe          ||    89
   Cast: Kiss of Death     ||     1
 Armour: Leather armour    ||    25
         Ring mail         ||    30
  Dodge: Dodged            ||    60

Table legend: (Time is in decaauts)
 A = Elapsed time spent in this place.
 B = Non-inter-level travel time spent in this place.
 C = Inter-level travel time spent in this place.
 D = Time resting spent in this place.
 E = Time spent auto-exploring this place.
 F = Levels seen in this place.
 G = Mean time per level.
                   A        B        C        D        E       F      G
               +--------+--------+--------+--------+--------+-----+--------+
         Total |    435 |    435 |      0 |      0 |    250 |   2 |  217.5 |
       Dungeon |    435 |    435 |      0 |      0 |    250 |   2 |  217.5 |
               +--------+--------+--------+--------+--------+-----+--------+

Top non-repeatable levels by time:
     D:1: 384 daAuts
     D:2: 50 daAuts
